cohdb
Replays
Latest Replays
All Replays
Popular Replays
Top Player Replays
Match Explorer
How It Works
Community
CoH3 Stats
Reddit
Sign in to upload your games and track your stats! →
Sign in with Steam
Match 45754768
Unlisted
Match 45754768
Overview
Messages
Build Orders
End
Construct Section Command Post
Vickers Machine Gun Team
Selects Canadian Shock Battlegroup
Infantry Section
Infantry Section
Construct Platoon Command Post
CMP 15cwt Truck
Selects Attacking Spirit
Humber Armored Car
Selects Canadian Shock Section
Selects Incendiary Munitions
Canadian Shock Section
ML 3-inch Mortar Team
Selects Pyrotechnics
Grenade Package
6-pounder Anti-tank Gun Team
Construct Company Command Post
Unlock M3 Grant Medium Tanks
Selects Churchill Crocodile Heavy Tank
Selects Point Assault
Churchill Crocodile Heavy Tank
CMP 15cwt Truck
Infantry Training
M3 Grant Medium Tank
M3 Grant Medium Tank
Royal Engineer Section
eZZzZ
max10r
Rony
crywo1f
dikaz23196
AVATON
0
0
Comments
sign in to comment!
No comments posted yet!